 Dungeon Crawl Stone Soup version 0.31-a0-214-gb37851dbb3 (webtiles) character file.

Game seed: 995311176369983715

160 qw the Shooter (level 5, -2/35 (45) HPs)
             Began as a Minotaur Hexslinger on July 1, 2023.
             Slain by an orc wizard
             ... wielding a +2 dagger of draining
              (4 damage)
             ... on level 3 of the Dungeon.
             The game lasted 00:00:51 (1996 turns).

qw the Shooter (Minotaur Hexslinger)                Turns: 1996, Time: 00:00:52

HP:   -2/35 (45)    AC:  3    Str: 13    XL:     5   Next: 17%
MP:   5/5           EV: 12    Int: 10    God:
Gold: 99            SH:  0    Dex: 14    Spells: 5/6 levels left

rFire   . . .        Y - +2 sling
rCold   . . .        (no shield)
rNeg    . . .        h - +0 leather armour
rPois   .            (helmet restricted)
rElec   .            (no cloak)
rCorr   .            (no gloves)
SInv    .            (no boots)
Will    .....        (no amulet)
Stlth   +            (no ring)
HPRegen 0.25/turn    (no ring)
MPRegen 0.09/turn

%: no passive effects
@: confused, heavily drained
A: horns 2, retaliatory headbutt
a: no special abilities


You were on level 3 of the Dungeon.
You visited 1 branch of the dungeon, and saw 3 of its levels.

You collected 99 gold pieces.


Innate Abilities, Weirdness & Mutations

You have a pair of horns on your head.
You reflexively headbutt those who attack you in melee.


   Skills:
 - Level 3.1 Fighting
 + Level 5.3 Ranged Weapons
 - Level 2.1 Dodging
 - Level 1.0 Spellcasting
 - Level 2.0 Hexes


You had 5 spell levels left.
You knew the following spells:

 Your Spells              Type           Power      Damage    Failure   Level
a - Slow                  Hex            16%        N/A       19%         1

Your spell library contained the following spells:

 Spells                   Type           Power      Damage    Failure   Level
 Inner Flame              Hex/Fire       2%         N/A       65%         3
 Portal Projectile        Hex/Tloc       4%         N/A       65%         3
 Cause Fear               Hex            2%         N/A       88%         4

Inventory:

Hand Weapons
 Y - a +2 sling (weapon)
Armour
 h - a +0 leather armour (worn)
Scrolls
 i - a scroll of identify
Potions
 a - a potion of degeneration {unknown}
 d - a potion of berserk rage {unknown}
 e - a potion of mutation {unknown}

Dungeon Overview and Level Annotations

Branches:
Dungeon (3/15)

Altars:
Vehumet


Message History

You are confused.
The orc wizard casts a spell at you. The magic dart hits you!
The orc wizard casts a spell at you. The magic dart hits you.
The orc wizard hits you with a +2 dagger of draining.
You feel drained.
The orc wizard hits you with a +2 dagger of draining.
You feel drained. The orc wizard casts a spell at you.
You are more confused.
The orc wizard points at you and mumbles some strange words.
You are more confused.
The orc wizard hits you with a +2 dagger of draining.
You feel drained.
The orc wizard points at you and mumbles some strange words.
You are more confused.
The orc wizard barely misses you.
The orc wizard hits you with a +2 dagger of draining.
You feel drained.
The orc wizard hits you with a +2 dagger of draining.
You feel drained.
The orc wizard points at you and mumbles some strange words.
You are more confused.
The orc wizard hits you with a +2 dagger of draining.
You feel drained.
The orc wizard hits you with a +2 dagger of draining.
You feel drained.
The orc wizard hits you with a +2 dagger of draining.
You feel drained. The orc wizard completely misses you.
The orc wizard barely misses you.
The orc wizard gestures at you while chanting.
The magic dart hits you.
The orc wizard gestures at you while chanting.
The magic dart hits you.
The orc wizard points at you and mumbles some strange words.
The puff of flame misses you.
The orc wizard hits you with a +2 dagger of draining.
You die...

#.#.#.##.##.#.####..#.#
#.#......##.#.####..#.#.#
#.###.#####<#...........#
###.###.##.......####.#.###
........%........# #.#.#
.##.##.###.......#.>..o.#
.##.##.# #......)#.##...o..
.##.##.#
#.......#.##..##....
.##.##.# #....>.@o.....#
### .##.##.#
#.......#.###<#
.......#########.#.# .#
###.......# #.# # .#
#.#####.######.#.
#.#####.#........
#...).......##..
#.#####.#<..####
#.#####.#####


You could see an orc wizard.

Vanquished Creatures
  A scorpion (D:2)
  An orc priest (D:3)
  2 adders
  2 worms (D:2)
  A dart slug (D:1)
  An orc (D:2)
  7 bats
  3 endoplasms
  3 giant cockroaches
  6 hobgoblins
  2 quokkas
  7 ball pythons
  A frilled lizard (D:2)
  5 goblins
  4 kobolds
  2 rats
48 creatures vanquished.

Notes
Turn   | Place    | Note
-------+----------+-------------------------------------------
     0 | D:1      | qw the Minotaur Hexslinger began the quest for the Orb.
     0 | D:1      | Reached XP level 1. HP: 16/16 MP: 1/1
     0 | D:1      | 0 ||| qw: Version: 0.3-a-32-g5962c71
     0 | D:1      | 0 ||| qw: Game counter: 7409
     0 | D:1      | 0 ||| qw: Melee chars always use a shield: true
     0 | D:1      | 0 ||| qw: God list: Okawaru
     0 | D:1      | 0 ||| qw: Allow faded altars: false
     0 | D:1      | 0 ||| qw: Do Orc after clearing Dungeon:15 true
     0 | D:1      | 0 ||| qw: Do second Lair branch before Depths: true
     0 | D:1      | 0 ||| qw: Lair rune preference: random
     0 | D:1      | 0 ||| qw: Goals: Normal
     0 | D:1      | 0 ||| PLANNING D:1-11
    53 | D:1      | Found a faded altar of an unknown god.
   160 | D:1      | Reached skill level 3 in Ranged Weapons
   182 | D:1      | Reached XP level 2. HP: 20/23 MP: 2/2
   505 | D:1      | 505 ||| FLEEEEING.
   506 | D:1      | 506 ||| FLEEEEING.
   508 | D:1      | 508 ||| FLEEEEING.
   509 | D:1      | 509 ||| FLEEEEING.
   522 | D:1      | 522 ||| FLEEEEING.
   692 | D:1      | 692 ||| READING scroll labelled XOURYT TIOHUSM.
   693 | D:1      | 693 ||| READING 2 scrolls labelled UBLA XA IHETUH.
   694 | D:1      | 694 ||| DRINKING 2 ruby potions.
   695 | D:1      | 695 ||| DROPPING scroll of poison.
   696 | D:1      | 696 ||| DROPPING potion of invisibility.
   736 | D:2      | Reached XP level 3. HP: 22/29 MP: 3/3
  1109 | D:2      | Reached skill level 4 in Ranged Weapons
  1241 | D:2      | Found a radiant altar of Vehumet.
  1586 | D:2      | 1586 ||| UPGRADING to +0 leather armour.
  1596 | D:2      | 1596 ||| DROPPING +0 robe.
  1597 | D:2      | 1597 ||| READING scroll labelled ICIARPHAVIH.
  1598 | D:2      | 1598 ||| READING 2 scrolls labelled UPHOUKLUWKA.
  1699 | D:2      | 1699 ||| DRINKING 2 amethyst potions.
  1704 | D:2      | 1704 ||| DRINKING 2 glowing blue potions.
  1741 | D:2      | 1741 ||| DROPPING potion of ambrosia.
  1742 | D:2      | 1742 ||| DROPPING potion of lignification.
  1743 | D:2      | 1743 ||| DROPPING scroll of silence.
  1765 | D:3      | Noticed a scorpion
  1769 | D:3      | 1769 ||| STAIRDANCE
  1772 | D:2      | Killed a scorpion
  1773 | D:2      | Reached skill level 5 in Ranged Weapons
  1773 | D:2      | Reached XP level 4. HP: 30/36 MP: 4/4
  1876 | D:3      | Reached skill level 3 in Fighting
  1876 | D:3      | Reached XP level 5. HP: 31/45 MP: 5/5
  1877 | D:3      | 1877 ||| FLEEEEING.
  1879 | D:3      | 1879 ||| FLEEEEING.
  1881 | D:3      | 1881 ||| FLEEEEING.
  1882 | D:3      | 1882 ||| FLEEEEING.
  1883 | D:3      | 1883 ||| FLEEEEING.
  1884 | D:3      | 1884 ||| FLEEEEING.
  1885 | D:3      | 1885 ||| FLEEEEING.
  1886 | D:3      | 1886 ||| STAIRDANCE
  1930 | D:3      | 1930 ||| STAIRDANCE
  1989 | D:3      | HP: 9/37 [orc wizard/+2 dagger of draining (4)]
  1994 | D:3      | HP: 2/35 [orc wizard/magic dart (5)]
  1996 | D:3      | Slain by an orc wizard

Levels and vault maps discovered:
D:1:      eino_arrival_cavern_d, layout_basic,
          hellmonk_ecumenical_altar_heavens_door, serial_bayou_crossing
D:2:      layout_loops_corners, basic_altar
D:3:      layout_loops_cross, amcnicky_altar_gilded

Skill      XL: |  1  2  3  4 |
---------------+-------------+-----
Ranged Weapons | 3 5 |  5.3
Fighting       | 2 3 |  3.1
Dodging        | |  2.1
Spellcasting   | |  1.0
Hexes          | |  2.0

Action                     |  1- 3 |  4- 6 || total
---------------------------+-------+-------++-------
   Fire: Sling             |   127 |    20 ||   147
    Use: Scroll            |     4 |       ||     4
         Potion            |     3 |       ||     3
 Armour: Robe              |    14 |       ||    14
         Leather armour    |     1 |       ||     1
  Dodge: Dodged            |    37 |    10 ||    47

Table legend:
 A = Non-vault XP
 B = Vault XP
 C = Vault XP percentage of total XP
 D = Non-vault monster count
 E = Vault monster count
 F = Vault count percentage of total count
                 A         B        C        D         E       F
            +---------+---------+-------+---------+---------+-------
      Total |     229 |       0 |   0.0 |      48 |       0 |   0.0
            +---------+---------+-------+---------+---------+-------
        D:1 |      33 |       0 |   0.0 |      20 |       0 |   0.0
        D:2 |     139 |       0 |   0.0 |      24 |       0 |   0.0
        D:3 |      57 |       0 |   0.0 |       4 |       0 |   0.0
            +---------+---------+-------+---------+---------+-------
